 Dungeon Crawl Stone Soup version 0.30-a0-782-ge64f9170bb (webtiles) character file.

Game seed: 5987066741884181492

18930 DeathSun the Grappler (level 12, 0/101 HPs)
             Began as a Red Draconian Transmuter on Feb 21, 2023.
             Was an Initiate of Gozag.
             Slain by a cane toad (2 damage)
             ... while petrified by a basilisk
             ... on level 2 of the Lair of Beasts.
             The game lasted 00:35:37 (16112 turns).

DeathSun the Grappler (Red Draconian Transmuter)   Turns: 16112, Time: 00:35:38

Health: 0/101      AC:  8    Str: 17    XL:     12   Next: 32%
Magic:  13/17      EV:  2    Int: 13    God:    Gozag
Gold:   2127       SH:  0    Dex: 13    Spells: 5/18 levels left

rFire   + . .      SeeInvis .      - Unarmed
rCold   . . .      Faith    .    (shield currently unavailable)
rNeg    + + +      Spirit   .    (body armour unavailable)
rPois   ∞          Reflect  .    (helmet restricted)
rElec   .          Harm     .    H - scarf {+Inv}
rCorr   .          Rampage  .    (gloves currently unavailable)
Will    .....                    (no boots)
Stlth   +                        (no amulet)
HPRegen 0.36/turn                d - ring of wizardry
MPRegen 0.15/turn                I - +4 ring of slaying

@: lethally poisoned (0 -> 0), blade hands (expiring), petrified
A: breathe fire, AC +8, unfitting armour, fire resistance 1, cold-blooded
a: Breathe Fire, End Transformation, Renounce Religion, Evoke Invisibility,
Potion Petition, Call Merchant, Bribe Branch


You were on level 2 of the Lair of Beasts.
You worshipped Gozag.
Gozag was most pleased with you.
You had blades for hands.
You visited 2 branches of the dungeon, and saw 15 of its levels.
You also visited: Bailey.

You collected 2869 gold pieces.
You spent 308 gold pieces at shops.
You paid 434 gold pieces to Gozag.

Inventory:

Armour
 n - a +0 pair of gloves (melded)
 H - a scarf of invisibility (worn)
Jewellery
 d - a ring of wizardry (left blade hand)
 g - a ring of fire
 B - a ring of ice
 I - a +4 ring of slaying (right blade hand)
 K - a +6 ring of strength
Wands
 a - a wand of charming (8)
 k - a wand of quicksilver (5)
 A - a wand of roots (21)
 J - a wand of flame (8)
Scrolls
 b - 5 scrolls of fog
 f - 6 scrolls of teleportation
 h - 8 scrolls of vulnerability
 j - 2 scrolls of silence
 s - 2 scrolls of brand weapon
 t - 2 scrolls of enchant weapon
 u - 3 scrolls of fear
 y - 3 scrolls of enchant armour
 z - 2 scrolls of noise
 C - 2 scrolls of amnesia
 F - 2 scrolls of magic mapping {unknown}
 G - 2 scrolls of poison {unknown}
 L - a scroll of immolation
Potions
 c - a potion of heal wounds
 e - 2 potions of attraction
 i - 4 potions of haste
 m - 3 potions of mutation
 o - a potion of magic {unknown}
 p - 2 potions of resistance {unknown}
 q - 3 potions of berserk rage
 r - 7 potions of curing
 w - 3 potions of cancellation {unknown}
 x - 5 potions of might
 D - 2 potions of ambrosia {unknown}


   Skills:
 + Level 8.0 Fighting
 + Level 3.5 Dodging
 * Level 14.7 Unarmed Combat
 + Level 3.6 Spellcasting
 - Level 2.0 Translocations
 - Level 10.3 Transmutations
 - Level 3.0 Air Magic
 - Level 4.2 Evocations


You had 5 spell levels left.
You knew the following spells:

 Your Spells              Type           Power      Damage    Failure   Level
a - Beastly Appendage     Tmut           58%        N/A       4%          1
b - Wereblood             Tmut           29%        N/A       4%          2
c - Blade Hands           Tmut           14%        N/A       19%         5
d - Blink                 Tloc           14%        N/A       26%         2
e - Swiftness             Air            10%        N/A       30%         3

Your spell library contained the following spells:

 Spells                   Type           Power      Damage    Failure   Level
 Spider Form              Tmut/Pois      15%        N/A       17%         3
 Apportation              Tloc           14%        N/A       21%         1
 Shock                    Conj/Air       24%        1d4       22%         1
 Poisonous Vapours        Pois/Air       12%        N/A       30%         2
 Necrotise                Necr           8%         1d4       32%         1
 Summon Small Mammal      Summ           8%         N/A       32%         1
 Cigotuvi's Dreadful Rot  Necr/Pois/Air  8%         N/A       32%         2
 Ice Form                 Ice/Tmut       15%        N/A       36%         4
 Mephitic Cloud           Conj/Pois/Air  4%         N/A       47%         3
 Portal Projectile        Hex/Tloc       8%         N/A       47%         3
 Dazzling Flash           Conj/Hex       4%         N/A       58%         3
 Tukima's Dance           Hex            2%         N/A       58%         3
 Airstrike                Air            5%         2d(1-17)  58%         4
 Manifold Assault         Tloc           7%         N/A       67%         4
 Summon Lightning Spire   Summ/Air       6%         N/A       73%         4
 Olgreb's Toxic Radiance  Pois           2%         N/A       87%         4
 Silence                  Hex/Air        3%         N/A       94%         5
 Agony                    Necr           2%         N/A       99%         5
 Ozocubu's Refrigeration  Ice            1%         4d7       100%        7
 Storm Form               Tmut/Air       9%         N/A       100%        7
 Ignition                 Fire           1%         3d3       100%        8
 Maxwell's Capacitive Co  Air            5%         ∞         100%        8


Dungeon Overview and Level Annotations

Branches:
Dungeon (12/15)            Temple (0/1) D:7            Lair (3/5) D:11
    Orc (0/2) D:11         Bailey (visited)
  Swamp: Lair:2-3    Shoals: Lair:2-3     Snake: Lair:2-3    Spider: Lair:2-3

Altars:
Gozag
Kikubaaqudgha
Nemelex Xobeh
Okawaru
Qazlal
Trog
Uskayaw
Wu Jian
Zin

Shops:
D:8 **

Annotations:
D:6 1 runed translucent door, Crazy Yiuf


Innate Abilities, Weirdness & Mutations

You have blades for hands.
You are immune to poison.
Your spellcasting is less reliable in this form.
You are incapable of wielding weapons or throwing items.
You can breathe blasts of fire.
Your fiery red scales are hard. (AC +8)
You cannot fit into any form of body armour.
Your flesh is heat resistant. (rF+)
You are cold-blooded and may be slowed by cold attacks.


Message History

The black bear claws you but does no damage.
You slice the cane toad!!
Your tail-slap misses the cane toad.
You slash the cane toad, but do no damage.
The cane toad is severely wounded.
You feel very sick. The cane toad stings you! The black bear barely misses you.
The black bear claws you but does no damage. x2
The basilisk gazes at you.
You are slowing down.
You slash the cane toad!
The cane toad is almost dead.
You feel very sick. The cane toad stings you!!
* * * LOW HITPOINT WARNING * * *
The black bear bites you but does no damage.
The black bear claws you.
* * * LOW HITPOINT WARNING * * *
The black bear claws you but does no damage.
The basilisk gazes at you.
Your limbs have turned to stone.
The cane toad stings you!!
* * * LOW HITPOINT WARNING * * *
You have turned to stone.
The basilisk bites you but does no damage.
The black bear bites you.
The black bear claws you but does no damage. x2
The cane toad completely misses you.
Your transformation is almost over.
The cane toad stings you.
* * * LOW HITPOINT WARNING * * *
The basilisk bites you!
* * * LOW HITPOINT WARNING * * *
The black bear bites you but does no damage.
The black bear claws you but does no damage. x2
The cane toad completely misses you. The basilisk bites you.
* * * LOW HITPOINT WARNING * * *
The black bear bites you. The black bear barely misses you.
The black bear claws you but does no damage.
The cane toad stings you.
You die...
Your body crumbles into a pile of gold.

#....##....
#.........#
#..........
#........
#...... #
##....# .##
#....## #..
##.hFl# #..
#...@###.#
#....##.##
###....#.#
##.....#
##....###
#.#.....#
###.....##
##.....##
###....##


You could see a cane toad, a basilisk and a black bear.

Vanquished Creatures
  A catoblepas (Lair:1)
  Erica (D:11)
  2 boulder beetles
  4 two-headed ogres
  A manticore (D:11)
  3 cyclopes
  4 molten gargoyles (D:11)
  A gargoyle (D:11)
  A cane toad (D:11)
  A kobold demonologist (D:9)
  4 komodo dragons
  An unseen horror (D:12)
  A troll (D:11)
  A hornet (D:9)
  Prince Ribbit (D:6)
  2 wraiths
  A shadow (D:8)
  A steam dragon (D:7)
  A wyvern (D:8)
  20 yaks
  2 vampire mosquitoes (D:11)
  Grum (D:10)
  An acid dragon (D:11)
  2 water moccasins (D:5)
  10 orc warriors
  A black bear (D:4)
  5 wolves
  2 ogres (D:5)
  A centaur (D:10)
  2 phantoms
  A kobold brigand (D:8)
  6 bullfrogs
  A necrophage (D:6)
  2 scorpions
  4 wights (D:9)
  10 killer bees
  3 electric eels
  4 howler monkeys
  A lava snake (D:11)
  2 gnoll boudas
  4 orc priests
  5 hounds
  5 jellies
  2 iguanas (D:5)
  6 orc wizards
  18 gnolls
  5 adders
  2 shadow imps
  2 dart slugs
  60 orcs
  A ball python (D:1)
  7 bats
  5 endoplasms
  5 giant cockroaches
  14 goblins
  12 hobgoblins
  3 jackals (D:1)
  6 quokkas (D:1)
  5 frilled lizards
  15 kobolds
  10 rats
305 creatures vanquished.

Vanquished Creatures (others)
  11 fungi (Lair:2)
  56 plants
67 creatures vanquished.

Grand Total: 372 creatures vanquished

Notes
Turn   | Place    | Note
-------+----------+-------------------------------------------
     0 | D:1      | DeathSun the Draconian Transmuter began the quest for the
                  | Orb.
     0 | D:1      | Reached XP level 1. HP: 16/16 MP: 3/3
   143 | D:1      | Reached XP level 2. HP: 23/23 MP: 3/5
   152 | D:1      | Learned a level 2 spell: Wereblood
   563 | D:1      | Reached XP level 3. HP: 26/28 MP: 2/6
   739 | D:1      | Reached skill level 4 in Unarmed Combat
  1891 | D:2      | Reached XP level 4. HP: 35/35 MP: 5/7
  2394 | D:3      | Found a faded altar of an unknown god.
  2513 | D:3      | Found an opulent altar of Gozag.
  2514 | D:3      | Found a sparkling altar of Nemelex Xobeh.
  2524 | D:3      | Became a worshipper of Gozag Ym Sagoz the Greedy
  2586 | D:3      | You fall into a shaft and drop 1 floor!
  2800 | D:4      | Noticed a black bear
  2901 | D:3      | Reached XP level 5. HP: 41/41 MP: 4/8
  2911 | D:3      | Learned a level 5 spell: Blade Hands
  3092 | D:3      | Found a glowing silver altar of Zin.
  3475 | D:5      | Entered Level 5 of the Dungeon
  3486 | D:5      | Reached skill level 5 in Unarmed Combat
  3596 | D:5      | Noticed an ogre
  3600 | D:5      | Killed an ogre
  3601 | D:5      | Reached XP level 6. HP: 50/50 MP: 9/9
  3655 | D:5      | Identified the +3 sling of Voehug {heavy, rCorr Str+4}
  3859 | D:5      | Reached skill level 6 in Unarmed Combat
  3917 | D:5      | Your scales start taking on a fiery red colour.
  3917 | D:5      | Reached XP level 7. HP: 56/57 MP: 10/10
  3917 | D:5      | Gained mutation: Your flesh is heat resistant. (rF+) [Red
                  | Draconian growth]
  4501 | D:5      | Learned a level 2 spell: Blink
  4564 | D:6      | Reached skill level 7 in Unarmed Combat
  4887 | D:4      | Reached skill level 5 in Transmutations
  4887 | D:4      | Reached XP level 8. HP: 63/67 MP: 11/11
  5156 | D:4      | Found an iron altar of Okawaru.
  5518 | D:6      | Noticed Prince Ribbit
  5549 | D:6      | Killed Prince Ribbit
  5550 | D:6      | Reached skill level 5 in Fighting
  5550 | D:6      | Reached skill level 8 in Unarmed Combat
  5787 | D:6      | Found a runed translucent door.
  5788 | D:6      | Noticed Crazy Yiuf
  6031 | D:7      | Found a stormy altar of Qazlal.
  6295 | D:7      | Reached skill level 9 in Unarmed Combat
  6356 | D:7      | HP: 2/68 [killer bee (3)]
  6922 | D:7      | Reached XP level 9. HP: 70/74 MP: 10/12
  6959 | D:7      | Found a bloodstained altar of Trog.
  7199 | D:7      | Found a staircase to the Ecumenical Temple.
  7560 | D:8      | Reached skill level 10 in Unarmed Combat
  7665 | D:8      | Found Canneut's General Store.
  7666 | D:8      | Found Tyetix's Specific Store.
  7672 | D:8      | Bought 2 potions of haste for 220 gold pieces
  7672 | D:8      | Bought a scroll of fear for 44 gold pieces
  7680 | D:8      | Bought a scroll of fog for 44 gold pieces
  7731 | D:8      | Found a flagged portal.
  7771 | Bailey   | Entered a bailey
  8531 | D:8      | Reached skill level 11 in Unarmed Combat
  8622 | D:8      | Found an ancient bone altar of Kikubaaqudgha.
  9285 | D:9      | Noticed a kobold demonologist
  9295 | D:9      | Killed a kobold demonologist
  9296 | D:9      | Reached XP level 10. HP: 81/81 MP: 5/13
  9304 | D:9      | Learned a level 3 spell: Swiftness
  9713 | D:9      | Reached skill level 1 in Translocations
  9717 | D:9      | Reached skill level 1 in Air Magic
 10002 | D:9      | Reached skill level 12 in Unarmed Combat
 10259 | D:10     | Entered Level 10 of the Dungeon
 10341 | D:10     | Noticed a two-headed ogre
 10353 | D:10     | Killed a two-headed ogre
 10521 | D:10     | Noticed Grum
 10526 | D:10     | Killed Grum
 10694 | D:10     | Noticed a cyclops
 10708 | D:10     | Killed a cyclops
 11113 | D:10     | Noticed a two-headed ogre
 11142 | D:10     | Killed a two-headed ogre
 11541 | D:11     | Found a staircase to the Orcish Mines.
 11553 | D:11     | Noticed a two-headed ogre
 11558 | D:11     | Killed a two-headed ogre
 11559 | D:11     | Reached skill level 13 in Unarmed Combat
 11559 | D:11     | Reached XP level 11. HP: 89/89 MP: 6/14
 11676 | D:11     | Noticed a two-headed ogre
 11698 | D:11     | Killed a two-headed ogre
 11699 | D:11     | Reached skill level 1 in Evocations
 12611 | D:11     | Found a staircase to the Lair.
 13202 | D:11     | Noticed Erica
 13218 | D:11     | Killed Erica
 13572 | D:12     | Noticed a boulder beetle
 13592 | D:11     | Killed a boulder beetle
 13593 | D:11     | Reached skill level 14 in Unarmed Combat
 13593 | D:11     | Reached skill level 10 in Transmutations
 13915 | D:12     | Reached XP level 12. HP: 25/100 MP: 10/16
 14156 | Lair:1   | Entered Level 1 of the Lair of Beasts
 14373 | D:11     | HP: 5/100 [yak (9)]
 14760 | Lair:1   | Noticed a catoblepas
 14772 | Lair:1   | Killed a catoblepas
 15838 | Lair:2   | Noticed a four-headed hydra
 15859 | Lair:3   | Noticed a boulder beetle
 15859 | Lair:3   | Found an ornate altar of the Wu Jian Council.
 15859 | Lair:3   | Found a hide-covered altar of Uskayaw.
 15972 | Lair:3   | Noticed an eight-headed hydra
 15977 | Lair:2   | Killed a boulder beetle
 16110 | Lair:2   | HP: 4/101 [basilisk (5)]
 16111 | Lair:2   | HP: 1/101 [basilisk (3)]
 16112 | Lair:2   | Slain by a cane toad

Illustrated notes

Levels and vault maps discovered:
D:1:      dpeg_arrival_windows_large_door, layout_basic
D:2:      layout_loops_corners, minmay_misc_feat_iff, st_stairs_7
D:3:      layout_rooms, zin_treasury, grunt_temple_overflow_opulence,
          shapermc_ecumenical_altar_mp_vishouse, chequers_serial_rivers_micro_a,
          serial_bayou_pond_b
D:4:      nicolae_cairo_tiling_large, layout_loops_cross,
          okawaru_altar_gauntlet_db, kennysheep_flooded_box,
          minmay_misc_feat_pillars
D:5:      layout_loops_corners, chequers_serial_rivers_room_a,
          nicolae_kite_square_tiling_tiny, chequers_serial_rivers_small_a
D:6:      layout_gridville, uniq_prince_ribbit1, uniq_crazy_yiuf_cottage
D:7:      minmay_general_purpose_star, layout_loops_ring, amcnicky_altar_gilded,
          general_overflow_altar, minmay_temple_entry_glass
D:8:      layout_loops_cross, tgw_kikubaaqudgha, enter_bailey_3,
          supply_closet_lemuel, nicolae_specific_store
D:9:      layout_basic
D:10:     layout_stronghold, uniq_grum
D:11:     layout_irregular_city, erik_lair_island, gauntlet_entry_generic,
          minivault_8, uniq_erica
D:12:     minmay_s_stair_smasher, layout_long_grid, gammafunk_ghost_hydra_chop,
          portal_ice_cave_entry_pillars_1, uniq_maurice, uniq_rupert
Lair:1:   layout_gridlike
Lair:2:   nzn_winding_woodlands_cross [nzn_winding_woodlands_5x15_jagged,
          nzn_winding_woodlands_5x15_longhouse,
          nzn_winding_woodlands_5x15_cabin,
          nzn_winding_woodlands_5x15_pathside_ponds,
          nzn_winding_woodlands_15x15_five_gardens], layout_concentric_octagons,
          beast_lair_carwin_5
Lair:3:   layout_misc_corridors, minmay_shoals_entry_hut,
          nicolae_spider_entry_orb_guardian, nzn_masters_of_martial_movement

Skill      XL: |  1  2  3  4  5  6  7  8  9 10 11 12 |
---------------+-------------------------------------+-----
Unarmed Combat | 4 5 6 7 9 11 13 14 | 14.7
Fighting       | 2 3 4 5 7 8 |  8.0
Transmutations | 3 4 5 6 8 9 10 | 10.3
Dodging        | 3 |  3.5
Translocations | 2 |  2.0
Air Magic      | 3 |  3.0
Evocations     | 4 |  4.2
Spellcasting   | 3 |  3.6

Action                     |  1- 3 |  4- 6 |  7- 9 | 10-12 || total
---------------------------+-------+-------+-------+-------++-------
  Melee: Unarmed           |   113 |   112 |   266 |   251 ||   742
         Kick              |    21 |    30 |    58 |       ||   109
         Headbutt          |    15 |    15 |    30 |       ||    60
         Tailslap          |     7 |     9 |    32 |    44 ||    92
         Punch             |       |     4 |    12 |    33 ||    49
  Throw: Dart              |       |       |    23 |    34 ||    57
   Cast: Beastly Appendage |    25 |    28 |    36 |       ||    89
         Wereblood         |    15 |     9 |    12 |    13 ||    49
         Blade Hands       |       |       |     2 |    41 ||    43
         Blink             |       |       |     1 |     2 ||     3
 Invoke: Potion Petition   |       |       |     1 |       ||     1
Ability: Breathe Fire      |       |       |    27 |    11 ||    38
  Evoke: Wand              |       |     2 |       |       ||     2
    Use: Potion            |       |     1 |     3 |     4 ||     8
         Scroll            |       |       |     9 |     7 ||    16
   Stab: Sleeping          |       |     1 |       |       ||     1
         Distracted        |       |       |       |     2 ||     2
 Armour: Skin              |    41 |    29 |    96 |    82 ||   248
  Dodge: Dodged            |    90 |    63 |   169 |   164 ||   486

Table legend: (Time is in decaauts)
 A = Elapsed time spent in this place.
 B = Non-inter-level travel time spent in this place.
 C = Inter-level travel time spent in this place.
 D = Time resting spent in this place.
 E = Time spent auto-exploring this place.
 F = Levels seen in this place.
 G = Mean time per level.
                   A        B        C        D        E       F      G
               +--------+--------+--------+--------+--------+-----+--------+
         Total |  16019 |  15485 |    534 |      0 |  12563 |  16 | 1001.2 |
       Dungeon |  13884 |  13388 |    496 |      0 |  11171 |  12 | 1157.0 |
          Lair |   1407 |   1369 |     38 |      0 |    941 |   3 |  469.0 |
        Bailey |    728 |    728 |      0 |      0 |    451 |   1 |  728.0 |
               +--------+--------+--------+--------+--------+-----+--------+

Top non-repeatable levels by time:
    D:11: 2469 daAuts
    D:10: 1656 daAuts
     D:7: 1402 daAuts
     D:2: 1269 daAuts
  Lair:1: 1095 daAuts
     D:5: 1090 daAuts
     D:9: 1047 daAuts
     D:4: 1044 daAuts
     D:8: 1022 daAuts
     D:3: 981 daAuts
     D:1: 937 daAuts
  Bailey: 728 daAuts
     D:6: 682 daAuts
  Lair:2: 305 daAuts
    D:12: 282 daAuts
